 Dungeon Crawl Stone Soup version 0.24-a0-271-ga0fc33f (webtiles) character file.

Game seed: 14975327849289795686

654 AngleWyrm the Caller (level 7, 0/47 HPs)
             Began as a Merfolk Summoner on Apr 23, 2019.
             Slain by an ogre
             ... wielding a +0 giant spiked club
              (21 damage)
             ... on level 5 of the Dungeon.
             The game lasted 01:10:19 (5825 turns).

AngleWyrm the Caller (Merfolk Summoner)             Turns: 5825, Time: 01:10:20

Health: 0/47       AC:  4    Str: 10    XL:     7   Next: 54%
Magic:  5/12       EV: 13    Int: 20    God:
Gold:   274        SH:  0    Dex: 14    Spells: 7/13 levels left

rFire    . . .     SeeInvis .   o - +0 trident
rCold    . . .     Gourm    .   (no shield)
rNeg     . . .     Faith    .   a - +1 robe
rPois    .         Spirit   .   b - +0 helmet
rElec    .         Reflect  .   (no cloak)
rCorr    .         Harm     .   (no gloves)
MR       .....                  (no boots)
Stlth    ++........             (no amulet)
HPRegen  0.15/turn              j - +5 ring of intelligence
MPRegen  0.13/turn              (no ring)

@: no status effects
A: change form in water, swift swim, stealthy swim
a: no special abilities


You were on level 5 of the Dungeon.
You were hungry.

You visited 1 branch of the dungeon, and saw 5 of its levels.

You collected 274 gold pieces.

Inventory:

Hand Weapons
 d - a +0 short sword
 i - a +0 mace of holy wrath
 o - a +0 trident (weapon)
Missiles
 g - 220 stones
 l - 7 javelins (quivered)
 m - 90 arrows
Armour
 a - a +1 robe (worn)
 b - a +0 helmet (worn)
Jewellery
 j - a +5 ring of intelligence (left hand)
Wands
 k - a wand of polymorph (6)
Scrolls
 e - 3 scrolls of teleportation
 f - 2 scrolls of identify
 n - 2 scrolls of remove curse {unknown}
 p - a scroll of blinking {unknown}
 q - 2 scrolls of amnesia {unknown}
Potions
 h - a potion of berserk rage {unknown}
Comestibles
 c - 4 rations
 r - 4 chunks of flesh


   Skills:
 + Level 0.9 Fighting
 + Level 4.0 Short Blades
 * Level 3.3 Polearms
 + Level 0.2 Throwing
 * Level 1.9 Armour
 + Level 2.9 Dodging
 + Level 3.4 Stealth
 + Level 0.2 Unarmed Combat
 + Level 3.5 Spellcasting
 * Level 5.6 Summonings


You had 7 spell levels left.
You knew the following spells:

 Your Spells              Type           Power        Failure   Level  Hunger
a - Summon Small Mammal   Summ           ####         1%          1    None
b - Call Imp              Summ           ####....     1%          2    ##.....
c - Call Canine Familiar  Summ           ####....     4%          3    ###....

Your spell library contained the following spells:

 Spells                   Type           Power        Failure   Level  Hunger
 Summon Guardian Golem    Hex/Summ       ##......     13%         3    ###....
 Summon Ice Beast         Ice/Summ       ##......     38%         4    ####...
 Summon Lightning Spire   Summ/Air       ##......     38%         4    ####...


Dungeon Overview and Level Annotations

Branches:
Dungeon (5/15)
 Temple: D:4-7

Altars:
Cheibriados
Wu Jian


Message History

Magic restored.
You climb downwards.
The ogre barely misses you. The quokka skeleton bites you.
There is a stone staircase leading up, spattered with blood here.
Casting: Call Canine Familiar (safe; 4% risk of failure)
Confirm with . or Enter, or press ? or * to list all spells.
The quokka skeleton barely misses you. The ogre barely misses you.
Casting: Call Canine Familiar (safe; 4% risk of failure)
Confirm with . or Enter, or press ? or * to list all spells.
A beastly little devil appears in a puff of frigid air.
The quokka skeleton barely misses you.
Your hound bites the ogre.
Casting: Call Imp (safe; 1% risk of failure)
Confirm with . or Enter, or press ? or * to list all spells.
A beastly little devil appears in a puff of flame.
Your hound bites the ogre.
The ogre hits you with a +0 giant spiked club!!
Ouch! That really hurt!
The quokka skeleton closely misses you.
Your hound bites the ogre.
You are feeling hungry.
The ogre hits you with a +0 giant spiked club!!
You die...

#...[...# ##
#)......# #
#.......# #
#.......# #
##.......# #
.####.#.#.#..# #
............#####∩
. #
.##.#.#.#Z#.......
....##
#.....@.........
......
###.#5#O#.......
....##
#...5.h[......# .#
..#.#.#.#.....)#
........#.......♣
.......... ......♣≈
..........#.?...P≈≈
..........#.....#≈.
####.#. #.###.


You could see an ogre, a quokka skeleton, a friendly hound, a friendly crimson
imp and a friendly white imp.

Vanquished Creatures
  An ogre (D:5)
  An orc priest (D:4)
  2 orc wizards (D:4)
  A worker ant (D:5)
  A hound zombie (D:5)
  An adder (D:3)
  An ooze (D:1)
  3 orcs
  4 bats
  3 giant cockroaches
  4 goblins
  2 hobgoblins (D:1)
  2 frilled lizards
  6 kobolds
  A leopard gecko skeleton (D:4)
  5 rats
  A plant (D:1)
39 creatures vanquished.

Vanquished Creatures (collateral kills)
  Sigmund (D:5)
  Eustachio (D:5)
  An ice beast (D:5)
  A phantom (D:5)
  A crimson imp (D:5)
  An orc priest (D:4)
  Ijyb (D:4)
  2 orc wizards (D:4)
  3 worker ants (D:4)
  A worker ant zombie (D:5)
  2 adders
  An adder skeleton (D:4)
  A worm (D:2)
  A dart slug (D:1)
  2 leopard geckos
  9 orcs
  A bat (D:1)
  A giant cockroach (D:4)
  2 goblins (D:1)
  3 hobgoblins
  A quokka (D:5)
  6 kobolds
  A leopard gecko zombie (D:5)
  4 rats (D:1)
48 creatures vanquished.

Grand Total: 87 creatures vanquished

Notes
Turn   | Place    | Note
-------+----------+-------------------------------------------
     0 | D:1      | AngleWyrm the Merfolk Summoner began the quest for the Orb.
     0 | D:1      | Reached XP level 1. HP: 13/13 MP: 3/3
   337 | D:1      | Reached XP level 2. HP: 19/19 MP: 1/5
   341 | D:1      | Learned a level 2 spell: Call Imp
   709 | D:1      | Reached skill level 1 in Short Blades
   716 | D:1      | Reached XP level 3. HP: 14/24 MP: 1/6
  2829 | D:3      | Reached XP level 4. HP: 25/30 MP: 5/7
  2834 | D:3      | Learned a level 3 spell: Call Canine Familiar
  3799 | D:4      | Noticed Ijyb
  3824 | D:4      | Killed Ijyb
  3829 | D:4      | Reached XP level 5. HP: 32/35 MP: 4/8
  3854 | D:4      | Reached skill level 1 in Armour
  4038 | D:4      | Found a snail-covered altar of Cheibriados.
  4293 | D:4      | Reached skill level 5 in Summonings
  4293 | D:4      | Reached XP level 6. HP: 25/42 MP: 3/10
  4977 | D:5      | Entered Level 5 of the Dungeon
  4977 | D:5      | Noticed an ice beast
  5099 | D:5      | Noticed a phantom
  5105 | D:5      | Noticed Eustachio
  5105 | D:5      | Noticed Sigmund
  5127 | D:5      | Killed a phantom
  5127 | D:5      | Reached skill level 1 in Polearms
  5134 | D:5      | Killed Eustachio
  5415 | D:5      | Found an ornate altar of the Wu Jian Council.
  5598 | D:5      | Reached XP level 7. HP: 47/47 MP: 7/11
  5733 | D:5      | Killed Sigmund
  5825 | D:5      | Slain by an ogre

Levels and vault maps discovered:
D:1:      kilobyte_arrival_exit_the_forest, layout_basic, minmay_box_of_dots
D:2:      layout_basic
D:3:      layout_basic, first_ration
D:4:      layout_cave_pods, cheibriados_altar_1, uniq_ijyb
D:5:      layout_basic, kennysheep_mini, serial_bayou_pond_b,
          minmay_misc_feat_more_columns, serial_park_tiny_1, st_stairs_8,
          abandoned_shop, uniq_eustachio, uniq_sigmund

Skill      XL: |  1  2  3  4  5  6  7 |
---------------+----------------------+-----
Short Blades   | 1 2 3 4 |  4.0
Armour         | 1 |  1.9
Summonings     | 5 |  5.6
Spellcasting   | 3 |  3.5
Polearms       | 2 3 |  3.3
Stealth        | 3 |  3.4
Fighting       | |  0.9
Throwing       | |  0.2
Dodging        | |  2.9
Unarmed Combat | |  0.2

Action                   |  1- 3 |  4- 6 |  7- 9 || total
-------------------------+-------+-------+-------++-------
Melee: Short sword       |   201 |    51 |       ||   252
       Unarmed           |       |    21 |       ||    21
       Trident           |       |    30 |    13 ||    43
Throw: Javelin           |       |    11 |       ||    11
 Cast: Summon Small Mamm |    12 |       |       ||    12
       Call Imp          |    20 |    16 |     5 ||    41
       Call Canine Famil |       |    13 |     4 ||    17
  Use: Scroll            |     8 |     1 |       ||     9
       Potion            |     4 |     1 |       ||     5
 Stab: Confused          |       |     1 |       ||     1
       Distracted        |       |     1 |     3 ||     4
  Eat: Chunk             |     4 |     5 |       ||     9
       Ration            |     1 |     2 |       ||     3
Armor: Robe              |    23 |     8 |     4 ||    35
       Skin              |       |     2 |       ||     2
Dodge: Dodged            |   102 |    39 |    10 ||   151

Table legend:
 A = Non-vault XP
 B = Vault XP
 C = Vault XP percentage of total XP
 D = Non-vault monster count
 E = Vault monster count
 F = Vault count percentage of total count
                 A         B        C        D         E       F
            +---------+---------+-------+---------+---------+-------
      Total |     482 |     453 |  48.4 |      74 |      12 |  14.0
            +---------+---------+-------+---------+---------+-------
        D:1 |      37 |       6 |  14.0 |      24 |       5 |  17.2
        D:2 |      19 |       0 |   0.0 |      11 |       0 |   0.0
        D:3 |      35 |       0 |   0.0 |      12 |       0 |   0.0
        D:4 |     257 |      31 |  10.8 |      21 |       1 |   4.5
        D:5 |     134 |     416 |  75.6 |       6 |       6 |  50.0
            +---------+---------+-------+---------+---------+-------
